 Dungeon Crawl Stone Soup version 0.30-a0-989-g0d87f670db (webtiles) character file.

Game seed: 1647653617735106593

323 Maxmaps the Trooper (level 6, -3/52 HPs)
             Began as a Formicid Fighter on Apr 3, 2023.
             Slain by a water moccasin (8 damage)
             ... on level 4 of the Dungeon.
             The game lasted 00:02:37 (2704 turns).

Maxmaps the Trooper (Formicid Fighter)              Turns: 2704, Time: 00:02:38

Health: -3/52      AC:  6    Str: 20    XL:     6   Next: 77%
Magic:  6/6        EV: 14    Int: 14    God:
Gold:   94         SH:  5    Dex: 15    Spells: 5/5 levels left

rFire   . . .      SeeInvis +    a - +0 long sword
rCold   . . .      Faith    .    c - +0 buckler
rNeg    . . .      Spirit   .    b - +0 scale mail
rPois   .          Reflect  .    (helmet unavailable)
rElec   .          Rampage  .    (no cloak)
rCorr   .                        (no gloves)
Will    .....                    (no boots) Stlth
                                 e - amulet of regeneration
HPRegen 1.08/turn                g - +5 ring of evasion
MPRegen 0.10/turn                r - +6 ring of intelligence

@: lethally poisoned (-3 -> -32)
A: permanent stasis, dig shafts and tunnels, antennae 3, four strong arms
a: Dig, Shaft Self


You were on level 4 of the Dungeon.
You visited 1 branch of the dungeon, and saw 4 of its levels.

You collected 94 gold pieces.

Inventory:

Hand Weapons
 a - a +0 long sword (weapon)
Armour
 b - a +0 scale mail (worn)
 c - a +0 buckler (worn)
Jewellery
 e - an amulet of regeneration (around neck)
 g - a +5 ring of evasion (left hand)
 r - a +6 ring of intelligence (right hand)
Wands
 t - a wand of quicksilver (12)
Scrolls
 f - 4 scrolls of fear {unknown}
 h - 4 scrolls of identify {unknown}
 j - a scroll of immolation {unknown}
 l - a scroll of teleportation {unknown}
 n - 4 scrolls of vulnerability {unknown}
 o - 2 scrolls of magic mapping {unknown}
 p - a scroll of summoning {unknown}
 q - a scroll of poison {unknown}
 v - a scroll of enchant weapon {unknown}
Potions
 i - a potion of cancellation {unknown}
 k - 4 potions of heal wounds {unknown}
 m - 2 potions of curing {unknown}
 s - a potion of magic {unknown}
 u - a potion of attraction {unknown}


   Skills:
 - Level 6.0 Fighting
 + Level 4.7 Long Blades
 - Level 3.2 Armour
 - Level 4.0 Shields


You had 5 spell levels left.
You didn't know any spells.
Your spell library contained the following spells:

 Spells                   Type           Power      Damage    Failure   Level
 Apportation              Tloc           0%         N/A       69%         1
 Necrotise                Necr           0%         1d4       69%         1
 Sandblast                Erth           0%         2d4       69%         1
 Summon Small Mammal      Summ           0%         N/A       69%         1
 Passwall                 Tmut/Erth      0%         N/A       83%         2
 Stone Arrow              Conj/Erth      0%         3d7       96%         3


Dungeon Overview and Level Annotations

Branches:
Dungeon (4/15)
 Temple: D:4-7

Altars:
Ru

Shops:
D:1 !   D:2 (


Innate Abilities, Weirdness & Mutations

You cannot be hasted, slowed, berserked, paralysed or teleported.
You can dig through walls and to a lower floor.
You have a pair of large antennae on your head. (SInv)
Your four strong arms can wield two-handed weapons with a shield.


Message History

You hit the water moccasin.
The water moccasin is lightly wounded.
The water moccasin closely misses you.
You barely miss the water moccasin.
The water moccasin is lightly wounded.
You block the water moccasin's attack. The water moccasin bites you!
You slash the water moccasin!
The water moccasin is heavily wounded.
The water moccasin bites you but does no damage.
The water moccasin bites you.
You are poisoned.
The water moccasin poisons you!
You hit the water moccasin.
The water moccasin is severely wounded.
You feel very sick.
The water moccasin bites you but does no damage.
The water moccasin bites you.
You are more poisoned.
The water moccasin poisons you!
You miss the water moccasin.
The water moccasin is severely wounded.
You feel very sick. The water moccasin bites you.
You are more poisoned.
The water moccasin poisons you!
You closely miss the water moccasin.
The water moccasin is severely wounded.
You feel extremely sick. The water moccasin bites you!
You are lethally poisoned!
The water moccasin poisons you! The water moccasin bites you.
* * * LOW HITPOINT WARNING * * *
You are more poisoned.
The water moccasin poisons you!
It was a potion of haste.
Your stasis prevents you from being hasted.
* * * LOW HITPOINT WARNING * * *
You feel extremely sick. The water moccasin bites you!
You die...

{
##..†.......
##......####
{ #....[..#
##......#
{##......#
#..)....#
##.....##
##..####
#@!## #.S.#
#..### #..
#.. #.. ##.
..


You could see a water moccasin.

Vanquished Creatures
  An orc warrior (D:4)
  A phantom (D:3)
  9 adders
  An ufetubus (D:4)
  A worm (D:2)
  A dart slug (D:3)
  6 bats
  4 endoplasms
  4 giant cockroaches
  6 goblins
  A hobgoblin (D:1)
  5 jackals (D:1)
  7 kobolds
  4 quokkas
  4 ball pythons
  5 frilled lizards
  7 rats
67 creatures vanquished.

Notes
Turn   | Place    | Note
-------+----------+-------------------------------------------
     0 | D:1      | Maxmaps the Formicid Fighter began the quest for the Orb.
     0 | D:1      | Reached XP level 1. HP: 18/18 MP: 1/1
    75 | D:1      | Reached XP level 2. HP: 25/25 MP: 2/2
   137 | D:1      | Reached skill level 4 in Fighting
   151 | D:1      | Found Vaatutat's Distillery.
   314 | D:1      | Reached XP level 3. HP: 31/31 MP: 3/3
   782 | D:2      | Found Athruisk's Weapon Shoppe.
   864 | D:2      | Found a faded altar of an unknown god.
   910 | D:2      | Identified the +1 robe "Damnable Contraption" {rF+ Str+3}
  1076 | D:2      | Reached skill level 5 in Fighting
  1294 | D:2      | Reached XP level 4. HP: 37/39 MP: 4/4
  1857 | D:3      | Reached XP level 5. HP: 46/46 MP: 5/5
  1881 | D:3      | Found a sacrificial altar of Ru.
  1924 | D:3      | Reached skill level 6 in Fighting
  2084 | D:3      | Noticed a phantom
  2106 | D:3      | Killed a phantom
  2107 | D:3      | Reached XP level 6. HP: 46/52 MP: 6/6
  2522 | D:4      | Noticed an orc warrior
  2537 | D:4      | Killed an orc warrior
  2694 | D:4      | Noticed a water moccasin
  2704 | D:4      | Slain by a water moccasin

Illustrated notes

Levels and vault maps discovered:
D:1:      dpeg_arrival_court, layout_basic, serial_shops, shop
D:2:      minmay_chambers_of_ones, layout_loops_corners,
          hellmonk_ecumenical_altar_crossroads, serial_shops, nicolae_shop_trees
D:3:      layout_basic, nicolae_ru_path_of_blood
D:4:      layout_basic, minmay_manual_macuahuitl

Skill      XL: |  1  2  3  4  5  6 |
---------------+-------------------+-----
Fighting       | 4 5 6 |  6.0
Long Blades    | 3 4 |  4.7
Armour         | |  3.2
Shields        | |  4.0

Action                     |  1- 3 |  4- 6 || total
---------------------------+-------+-------++-------
  Melee: Long sword        |   128 |   118 ||   246
    Use: Potion            |       |     2 ||     2
 Armour: Scale mail        |    75 |    37 ||   112
  Dodge: Dodged            |    81 |    80 ||   161
  Block: Buckler           |    46 |    32 ||    78

Table legend: (Time is in decaauts)
 A = Elapsed time spent in this place.
 B = Non-inter-level travel time spent in this place.
 C = Inter-level travel time spent in this place.
 D = Time resting spent in this place.
 E = Time spent auto-exploring this place.
 F = Levels seen in this place.
 G = Mean time per level.
                   A        B        C        D        E       F      G
               +--------+--------+--------+--------+--------+-----+--------+
         Total |   2780 |   2700 |     80 |    154 |   1996 |   4 |  695.0 |
       Dungeon |   2780 |   2700 |     80 |    154 |   1996 |   4 |  695.0 |
               +--------+--------+--------+--------+--------+-----+--------+

Top non-repeatable levels by time:
     D:2: 1067 daAuts
     D:1: 791 daAuts
     D:3: 695 daAuts
     D:4: 225 daAuts
